[Event "26th Hit Open-A 2022"]
[Site "Nova Gorica"]
[Date "2022.09.15"]
[Round "1.21"]
[White "Brilej, Jaka"]
[Black "Lohia, Sohum"]
[Result "1/2-1/2"]
[ECO "C45"]
[WhiteElo "2329"]
[BlackElo "2185"]
[Annotator "ChessBase"]
[PlyCount "134"]
[EventDate "2022.09.16"]
[EventType "swiss"]
[EventCountry "SLO"]
[SourceTitle "playchess.com"]
[Source "ChessBase"]
[SourceQuality "1"]
[TimeControl "5400+30"]

1. e4 e5 2. Nf3 Nc6 3. d4 exd4 4. Nxd4 Nf6 5. Nxc6 bxc6 6. e5 Qe7 7. Qe2 Nd5 8. c4 Ba6 9. Nd2 g6 10. Nf3 Bg7 11. Bg5 Qb4+ 12. Qd2 Qxd2+ 13. Kxd2 Nb6 14. b3 O-O 15. Re1 Rfe8 16. Bd3 c5 17. Be4 Rab8 18. Bf4 Bb7 19. Bxb7 Rxb7 20. Ng5 Bh6 21. h4 a5 22. h5 Bxg5 23. Bxg5 a4 24. hxg6 fxg6 25. Re3 axb3 26. axb3 Ra7 27. Rc1 Ra2+ 28. Rc2 Rea8 29. Rf3 Rxc2+ 30. Kxc2 Rf8 31. Rxf8+ Kxf8 32. Bd8 Na8 33. Kd3 Ke8 34. Bg5 d6 35. Ke4 Kd7 36. f4 Ke6 37. g4 dxe5 38. f5+ gxf5+ 39. gxf5+ Kd6 40. Bh6 Ke7 41. Kxe5 Nb6 42. Bg5+ Kf7 43. Bd8 h5 44. Kf4 Nd7 45. Bxc7 Nf6 46. Bd6 Nd7 47. Bc7 Nf6 48. Bb6 Nd7 49. Ba5 Nf6 50. Be1 Nd7 51. Bh4 Nf6 52. Ke5 Ng4+ 53. Kd6 Ne3 54. Kxc5 Nxf5 55. Bg5 Ke6 56. b4 Kd7 57. b5 h4 58. b6 h3 59. Bf4 Kc8 60. Kc6 Ne7+ 61. Kd6 Nf5+ 62. Ke6 Ne3 63. c5 Kb7 64. Kd7 Nd5 65. Bc7 Nxb6+ 66. cxb6 h2 67. Bxh2 Kxb6 1/2-1/2

[Event "26th Hit Open-A 2022"]
[Site "Nova Gorica"]
[Date "2022.09.15"]
[Round "1.22"]
[White "Gregoric, Andraz"]
[Black "Drazic, Sinisa"]
[Result "0-1"]
[ECO "C03"]
[WhiteElo "2182"]
[BlackElo "2327"]
[Annotator "ChessBase"]
[PlyCount "48"]
[EventDate "2022.09.16"]
[EventType "swiss"]
[EventCountry "SLO"]
[SourceTitle "playchess.com"]
[Source "ChessBase"]
[SourceQuality "1"]
[TimeControl "5400+30"]

1. e4 e6 2. d4 d5 3. Nd2 Be7 4. Bd3 c5 5. dxc5 Nd7 6. Nb3 dxe4 7. Bxe4 Ngf6 8. Bf3 Qc7 9. Ne2 Nxc5 10. Nxc5 Bxc5 11. O-O Bd7 12. Bd2 Rd8 13. Bc3 h5 14. Qc1 Ng4 15. g3 e5 16. h3 Bc6 17. Bxc6+ Qxc6 18. Qg5 Qf3 19. Be1 Be7 20. Qc1 h4 21. c4 Qxe2 22. hxg4 hxg3 23. c5 Rh1+ 24. Kxh1 Qxf1# 0-1

[Event "26th Hit Open-A 2022"]
[Site "Nova Gorica"]
[Date "2022.09.15"]
[Round "1.23"]
[White "Tisaj, Domen"]
[Black "Leitner, Gerald"]
[Result "1-0"]
[ECO "A77"]
[WhiteElo "2325"]
[BlackElo "2181"]
[Annotator "ChessBase"]
[PlyCount "87"]
[EventDate "2022.09.16"]
[EventType "swiss"]
[EventCountry "SLO"]
[SourceTitle "playchess.com"]
[Source "ChessBase"]
[SourceQuality "1"]
[TimeControl "5400+30"]

1. d4 Nf6 2. c4 c5 3. d5 e6 4. Nc3 exd5 5. cxd5 d6 6. Nf3 g6 7. Nd2 Bg7 8. e4 O-O 9. Be2 a6 10. a4 Re8 11. Qc2 Nbd7 12. O-O Ne5 13. Ra3 g5 14. a5 h6 15. Re1 Bd7 16. Nf1 Ng6 17. Ne3 Nf4 18. Bf1 Ng4 19. Nxg4 Bxg4 20. Be3 Rb8 21. Rea1 Qe7 22. f3 Bd7 23. Bf2 Rbc8 24. Rb3 Rc7 25. Rb6 Be5 26. Nd1 Bc8 27. Ne3 Rd7 28. Nc4 Bg7 29. g3 Ng6 30. Bh3 Ne5 31. Nxe5 Bxe5 32. Bxd7 Qxd7 33. Rc1 Qh3 34. b4 cxb4 35. Rxb4 f5 36. Rc4 Bd7 37. Bd4 Bxd4+ 38. Rxd4 f4 39. Qg2 Qh5 40. g4 Qg6 41. Rc7 Qf6 42. Qb2 Bxg4 43. fxg4 Rxe4 44. Rxe4 1-0

[Event "26th Hit Open-A 2022"]
[Site "Nova Gorica"]
[Date "2022.09.15"]
[Round "1.24"]
[White "Herega, Nejc"]
[Black "Rakesh Kumar Jena"]
[Result "1-0"]
[ECO "D45"]
[WhiteElo "2146"]
[BlackElo "2321"]
[Annotator "ChessBase"]
[PlyCount "55"]
[EventDate "2022.09.16"]
[EventType "swiss"]
[EventCountry "SLO"]
[SourceTitle "playchess.com"]
[Source "ChessBase"]
[SourceQuality "1"]
[TimeControl "5400+30"]

1. d4 d5 2. Nf3 Nf6 3. c4 e6 4. Nc3 Bb4 5. e3 O-O 6. Bd2 c6 7. Bd3 a5 8. a3 Bxc3 9. Bxc3 b6 10. Nd2 Nbd7 11. e4 dxe4 12. Nxe4 Nxe4 13. Bxe4 Ba6 14. Bxc6 Bxc4 15. Bxa8 Qxa8 16. f3 Rd8 17. Qc2 Qd5 18. Kf2 e5 19. Qf5 g6 20. Qg5 f6 21. Qh4 g5 22. Qe4 Qxe4 23. fxe4 exd4 24. Bxd4 Ne5 25. Bxe5 Rd2+ 26. Kg3 Rd3+ 27. Kg4 Kg7 28. Kf5 1-0

[Event "26th Hit Open-A 2022"]
[Site "Nova Gorica"]
[Date "2022.09.15"]
[Round "1.25"]
[White "Schloffer, Jasmin-Denise"]
[Black "Alexandrova, Angelina"]
[Result "1-0"]
[ECO "D90"]
[WhiteElo "2127"]
[BlackElo "1842"]
[Annotator "ChessBase"]
[PlyCount "67"]
[EventDate "2022.09.16"]
[EventType "swiss"]
[EventCountry "SLO"]
[SourceTitle "playchess.com"]
[Source "ChessBase"]
[SourceQuality "1"]
[TimeControl "5400+30"]

1. d4 d5 2. c4 c6 3. cxd5 cxd5 4. Bf4 Nc6 5. Nc3 a6 6. Nf3 g6 7. e3 Bg7 8. Rc1 Nf6 9. Bd3 O-O 10. O-O Nh5 11. Bg5 Qd6 12. Qb3 Be6 13. Na4 Nb4 14. Bb1 Rfb8 15. a3 b5 16. Nc5 Nc6 17. Nxe6 fxe6 18. Qc3 Rb6 19. g4 Nf6 20. Bf4 Qd7 21. h3 b4 22. Qc5 Qb7 23. axb4 Nd7 24. Qc3 Nxb4 25. Qc7 a5 26. Rc3 Na6 27. Qxb7 Rxb7 28. b3 Nac5 29. Bc2 Ne4 30. Rc6 Ndf6 31. Rc1 Kf7 32. Ne5+ Ke8 33. Bxe4 Nxe4 34. Rc8+ 1-0

[Event "26th Hit Open-A 2022"]
[Site "Nova Gorica"]
[Date "2022.09.15"]
[Round "1.26"]
[White "Azinovic, Igor"]
[Black "Acimovic, Sergej"]
[Result "0-1"]
[ECO "C44"]
[WhiteElo "1814"]
[BlackElo "2114"]
[Annotator "ChessBase"]
[PlyCount "44"]
[EventDate "2022.09.16"]
[EventType "swiss"]
[EventCountry "SLO"]
[SourceTitle "playchess.com"]
[Source "ChessBase"]
[SourceQuality "1"]
[TimeControl "5400+30"]

1. e4 e5 2. Nf3 Nc6 3. c3 d5 4. Qa4 dxe4 5. Nxe5 Qd5 6. Bb5 Nge7 7. Nxc6 bxc6 8. Be2 Bd7 9. O-O Ng6 10. f3 Nf4 11. Re1 Bc5+ 12. Kh1 O-O 13. Qxe4 Qg5 14. g3 Nxe2 15. Qxe2 Rae8 16. Qd1 Rxe1+ 17. Qxe1 Re8 18. Qd1 Qf5 19. d4 Re1+ 20. Qxe1 Qxf3+ 21. Kg1 Bh3 22. Qe8+ Bf8 0-1

[Event "26th Hit Open-A 2022"]
[Site "Nova Gorica"]
[Date "2022.09.15"]
[Round "1.27"]
[White "Krivenko, Dion"]
[Black "Di Lascio, Savino"]
[Result "1-0"]
[ECO "B12"]
[WhiteElo "2113"]
[BlackElo "1793"]
[Annotator "ChessBase"]
[PlyCount "65"]
[EventDate "2022.09.16"]
[EventType "swiss"]
[EventCountry "SLO"]
[SourceTitle "playchess.com"]
[Source "ChessBase"]
[SourceQuality "1"]
[TimeControl "5400+30"]

1. e4 c6 2. d4 d5 3. e5 Bf5 4. Bd3 Bxd3 5. Qxd3 e6 6. Ne2 Qa5+ 7. Nbc3 Qa6 8. Qh3 Ne7 9. O-O Nd7 10. a4 Ng6 11. f4 c5 12. Nb5 Qb6 13. f5 Ngxe5 14. dxe5 Nxe5 15. Bf4 a6 16. Bxe5 axb5 17. fxe6 f6 18. Bg3 Rxa4 19. Qh5+ g6 20. Qxd5 c4+ 21. Kh1 Qc6 22. Qxc6+ bxc6 23. Rxa4 bxa4 24. Ra1 Ke7 25. Rxa4 Kxe6 26. Rxc4 c5 27. h3 Be7 28. Nf4+ Kd7 29. Nd5 Bd6 30. Nxf6+ Kc6 31. Bxd6 Kxd6 32. Ne4+ Kd5 33. b3 1-0

[Event "26th Hit Open-A 2022"]
[Site "Nova Gorica"]
[Date "2022.09.15"]
[Round "1.28"]
[White "Fiolo, Costanza"]
[Black "Rozman, Monika"]
[Result "0-1"]
[ECO "A11"]
[WhiteElo "1768"]
[BlackElo "2111"]
[Annotator "ChessBase"]
[PlyCount "70"]
[EventDate "2022.09.16"]
[EventType "swiss"]
[EventCountry "SLO"]
[SourceTitle "playchess.com"]
[Source "ChessBase"]
[SourceQuality "1"]
[TimeControl "5400+30"]

1. Nf3 d5 2. g3 Nf6 3. Bg2 Bf5 4. O-O e6 5. c4 c6 6. cxd5 exd5 7. d3 Be7 8. Qb3 Qb6 9. Qc2 Na6 10. a3 O-O 11. Nc3 Rfe8 12. Bf4 Rac8 13. e4 dxe4 14. dxe4 Be6 15. Be3 Bb3 16. Qe2 Bc5 17. Bxc5 Nxc5 18. Rfe1 Ncxe4 19. Nxe4 Rxe4 20. Qd3 Rd8 21. Qc3 h6 22. Rxe4 Nxe4 23. Qe1 Nf6 24. Nh4 Qd4 25. Qe7 Rd7 26. Qe2 Qd2 27. Qe5 Qxf2+ 28. Kh1 Bd5 29. Re1 Bxg2+ 30. Nxg2 Rd2 31. Rg1 Rxb2 32. Qb8+ Kh7 33. Qf8 Ng4 34. Qe7 Qf5 35. Re1 Qf3 0-1

[Event "26th Hit Open-A 2022"]
[Site "Nova Gorica"]
[Date "2022.09.15"]
[Round "1.29"]
[White "Centrih, Aleks"]
[Black "Ivsek, Cveto"]
[Result "1-0"]
[ECO "B30"]
[WhiteElo "2095"]
[BlackElo "1763"]
[Annotator "ChessBase"]
[PlyCount "53"]
[EventDate "2022.09.16"]
[EventType "swiss"]
[EventCountry "SLO"]
[SourceTitle "playchess.com"]
[Source "ChessBase"]
[SourceQuality "1"]
[TimeControl "5400+30"]

1. e4 c5 2. Nf3 Nc6 3. Bb5 a6 4. Bxc6 dxc6 5. d3 Bg4 6. O-O e6 7. a4 Bxf3 8. Qxf3 Qf6 9. Qe2 g6 10. a5 Rd8 11. Na3 Ne7 12. Nc4 Nc8 13. Bd2 Rg8 14. f4 Qe7 15. Be3 Bg7 16. c3 Bh6 17. Rad1 g5 18. f5 e5 19. f6 Qe6 20. Rf5 Kd7 21. Bxc5 Kc7 22. Rdf1 Bf8 23. Bxf8 Rgxf8 24. Rxe5 Qd7 25. d4 b5 26. axb6+ Nxb6 27. Re7 1-0

[Event "26th Hit Open-A 2022"]
[Site "Nova Gorica"]
[Date "2022.09.15"]
[Round "1.30"]
[White "Novak, Rok"]
[Black "Devnani Kush"]
[Result "0-1"]
[ECO "B28"]
[WhiteElo "1763"]
[BlackElo "2095"]
[Annotator "ChessBase"]
[PlyCount "96"]
[EventDate "2022.09.16"]
[EventType "swiss"]
[EventCountry "SLO"]
[SourceTitle "playchess.com"]
[Source "ChessBase"]
[SourceQuality "1"]
[TimeControl "5400+30"]

1. e4 c5 2. Nf3 a6 3. Nc3 b5 4. d4 cxd4 5. Nxd4 Bb7 6. a3 d6 7. Bd3 e5 8. Nf3 Nf6 9. O-O Be7 10. Qe2 O-O 11. Bg5 Nbd7 12. Rad1 Re8 13. Rfe1 Qc7 14. h3 Nc5 15. Bxf6 Bxf6 16. g4 Ne6 17. Qe3 Nf4 18. Bf1 h6 19. Rd2 Rad8 20. Red1 Bc6 21. Ne2 Ne6 22. Ng3 Ng5 23. Bg2 Be7 24. Ne1 Ne6 25. Nf3 Nf4 26. Bf1 Qb7 27. c3 g6 28. Kh2 Kg7 29. Bd3 Qc8 30. Ne2 Ne6 31. Bb1 Rh8 32. Ng3 Nf4 33. Ne2 Ne6 34. Ng3 h5 35. gxh5 Nf4 36. Ng1 Nxh5 37. Bd3 Nf4 38. Bf1 Bd7 39. N3e2 Bg5 40. Rxd6 Nxh3 41. Qa7 Nf4+ 42. Kg3 Bg4 43. Nf3 Nxe2+ 44. Bxe2 Bf4+ 45. Kg2 Bh3+ 46. Kh1 Bg2+ 47. Kxg2 Qh3+ 48. Kg1 Qh1# 0-1

[Event "26th Hit Open-A 2022"]
[Site "Nova Gorica"]
[Date "2022.09.15"]
[Round "1.31"]
[White "Callsen, Niklas"]
[Black "Rigatti, Giorgio"]
[Result "1-0"]
[ECO "B90"]
[WhiteElo "2079"]
[BlackElo "1763"]
[Annotator "ChessBase"]
[PlyCount "65"]
[EventDate "2022.09.16"]
[EventType "swiss"]
[EventCountry "SLO"]
[SourceTitle "playchess.com"]
[Source "ChessBase"]
[SourceQuality "1"]
[TimeControl "5400+30"]

1. e4 c5 2. Nf3 d6 3. d4 cxd4 4. Nxd4 Nf6 5. Nc3 a6 6. h3 Nc6 7. g4 e6 8. g5 Nd7 9. Be3 Be7 10. h4 Qc7 11. Rg1 Nf8 12. Qe2 Bd7 13. Nf5 Rg8 14. O-O-O O-O-O 15. Qc4 Ng6 16. Nxe7+ Ncxe7 17. Bb6 Qxc4 18. Bxc4 Rde8 19. h5 Ne5 20. Bb3 Kb8 21. f4 Nc8 22. fxe5 Nxb6 23. exd6 a5 24. a3 Bc6 25. Rgf1 Rgf8 26. e5 Nd7 27. Rde1 b5 28. Rf2 Rc8 29. Rf4 Kb7 30. Kb1 Kb6 31. Nd1 Bg2 32. Ne3 Bh3 33. Rf3 1-0

[Event "26th Hit Open-A 2022"]
[Site "Nova Gorica"]
[Date "2022.09.15"]
[Round "1.32"]
[White "Papler, Peter"]
[Black "Debevec, Blaz"]
[Result "0-1"]
[ECO "A48"]
[WhiteElo "1750"]
[BlackElo "2056"]
[Annotator "ChessBase"]
[PlyCount "58"]
[EventDate "2022.09.16"]
[EventType "swiss"]
[EventCountry "SLO"]
[SourceTitle "playchess.com"]
[Source "ChessBase"]
[SourceQuality "1"]
[TimeControl "5400+30"]

1. d4 Nf6 2. Bf4 g6 3. Nf3 Bg7 4. e3 d6 5. Bd3 O-O 6. Nbd2 Nbd7 7. O-O b6 8. h3 Bb7 9. c3 Re8 10. Qc2 e5 11. dxe5 dxe5 12. Bg5 h6 13. Bxf6 Qxf6 14. Ne4 Qe7 15. Bc4 Kh8 16. Ned2 e4 17. Nd4 Ne5 18. Be2 c5 19. N4b3 f5 20. Rad1 Rad8 21. Nc1 Qg5 22. Kh1 Nd3 23. f4 Qg3 24. Nc4 b5 25. Bxd3 exd3 26. Nxd3 bxc4 27. Nxc5 Qxh3+ 28. Kg1 Qxe3+ 29. Kh1 Qxc5 0-1

[Event "26th Hit Open-A 2022"]
[Site "Nova Gorica"]
[Date "2022.09.15"]
[Round "1.33"]
[White "Verbin, Valentina"]
[Black "Zlatanovic, Srdjan"]
[Result "1-0"]
[ECO "B28"]
[WhiteElo "2049"]
[BlackElo "1740"]
[Annotator "ChessBase"]
[PlyCount "55"]
[EventDate "2022.09.16"]
[EventType "swiss"]
[EventCountry "SLO"]
[SourceTitle "playchess.com"]
[Source "ChessBase"]
[SourceQuality "1"]
[TimeControl "5400+30"]

1. e4 c5 2. Nf3 a6 3. c4 b6 4. d4 cxd4 5. Nxd4 d6 6. Nc3 Bb7 7. Be2 g6 8. O-O Nf6 9. f3 Bg7 10. Be3 Nbd7 11. Qd2 Rc8 12. Rfc1 Qc7 13. a4 O-O 14. Nd5 Qd8 15. a5 bxa5 16. Nb3 Rb8 17. Nxa5 Ne8 18. Nxb7 Rxb7 19. Rc2 e6 20. Nb4 Qf6 21. Rxa6 Nc5 22. Ra3 Qe5 23. Nc6 Qh5 24. b4 Rc7 25. Nd4 Nd7 26. Ra5 Qh4 27. Nb5 Rc6 28. Bg5 1-0

[Event "26th Hit Open-A 2022"]
[Site "Nova Gorica"]
[Date "2022.09.15"]
[Round "1.34"]
[White "Bajec, Borut"]
[Black "Markocic, Tine"]
[Result "1/2-1/2"]
[ECO "E29"]
[WhiteElo "1732"]
[BlackElo "2034"]
[Annotator "ChessBase"]
[PlyCount "103"]
[EventDate "2022.09.16"]
[EventType "swiss"]
[EventCountry "SLO"]
[SourceTitle "playchess.com"]
[Source "ChessBase"]
[SourceQuality "1"]
[TimeControl "5400+30"]

1. d4 Nf6 2. c4 e6 3. Nc3 Bb4 4. Nf3 c5 5. a3 Bxc3+ 6. bxc3 Nc6 7. e3 d6 8. Bd3 e5 9. Qc2 O-O 10. O-O Re8 11. Ng5 h6 12. Ne4 exd4 13. exd4 cxd4 14. Bd2 Be6 15. Rfe1 Nxe4 16. Rxe4 d5 17. cxd5 Qxd5 18. Rae1 Rad8 19. c4 Qc5 20. Qc1 Qf8 21. h3 Bc8 22. Qd1 Rxe4 23. Bxe4 Be6 24. Qh5 Qxa3 25. Bxh6 Qa5 26. Qxa5 Nxa5 27. Bg5 Rd7 28. Ra1 b6 29. c5 Nb3 30. cxb6 Nxa1 31. b7 Rxb7 32. Bxb7 Bc4 33. f3 Nb3 34. Kf2 f6 35. Bf4 Nc5 36. Be4 Kf7 37. g4 Ke6 38. h4 Nd3+ 39. Bxd3 Bxd3 40. Bc7 Kd5 41. Ke1 Kc6 42. Bd8 Kb5 43. Kd2 Bb1 44. Be7 a5 45. Bf8 g6 46. Bg7 Kc4 47. Bxf6 a4 48. Be7 Kb3 49. Kc1 Bd3 50. Kd2 Bb1 51. Kc1 Bd3 52. h5 1/2-1/2

[Event "26th Hit Open-A 2022"]
[Site "Nova Gorica"]
[Date "2022.09.15"]
[Round "1.35"]
[White "Mihelic, Vesna"]
[Black "Hellsten, Uffe"]
[Result "1-0"]
[ECO "C01"]
[WhiteElo "2031"]
[BlackElo "1732"]
[Annotator "ChessBase"]
[PlyCount "53"]
[EventDate "2022.09.16"]
[EventType "swiss"]
[EventCountry "SLO"]
[SourceTitle "playchess.com"]
[Source "ChessBase"]
[SourceQuality "1"]
[TimeControl "5400+30"]

1. e4 e6 2. d4 d5 3. exd5 exd5 4. Bd3 c5 5. Nf3 Nf6 6. O-O c4 7. Re1+ Be7 8. Bf1 O-O 9. b3 cxb3 10. axb3 Bg4 11. c3 Ne4 12. Qd3 Nd7 13. Nbd2 Nxd2 14. Bxd2 Bf6 15. h3 Be6 16. Bf4 Nb6 17. Qc2 Qc8 18. Bd3 h6 19. Re3 Rd8 20. Ne5 Bxe5 21. Bxe5 Nd7 22. f4 Nxe5 23. fxe5 a6 24. Rg3 Kh8 25. Rf1 Qc7 26. Qd2 Rac8 27. Rf6 1-0

[Event "26th Hit Open-A 2022"]
[Site "Nova Gorica"]
[Date "2022.09.15"]
[Round "1.36"]
[White "Gamal, Alaa"]
[Black "Walker, Samuel A"]
[Result "0-1"]
[ECO "A57"]
[WhiteElo "1693"]
[BlackElo "2028"]
[Annotator "ChessBase"]
[PlyCount "78"]
[EventDate "2022.09.16"]
[EventType "swiss"]
[EventCountry "SLO"]
[SourceTitle "playchess.com"]
[Source "ChessBase"]
[SourceQuality "1"]
[TimeControl "5400+30"]

1. d4 Nf6 2. Nf3 g6 3. c4 c5 4. d5 b5 5. Nc3 b4 6. Nb1 Bg7 7. Bf4 d6 8. Qc2 Bf5 9. Qa4+ Nfd7 10. Qb3 a5 11. a4 bxa3 12. Nxa3 a4 13. Qe3 Qa5+ 14. Nd2 Bxb2 15. Ra2 Bd4 16. Qg3 Na6 17. Nb5 Nb4 18. Nxd4 cxd4 19. Qa3 Nxa2 20. Qxa2 a3 21. e4 Bxe4 22. f3 Bb1 23. Qxb1 a2 24. Qa1 Qc3 25. Qxc3 dxc3 26. Nb3 Nc5 27. Na1 Rb8 28. Kf2 Rb1 29. Nc2 Rb2 30. Be2 Rxc2 31. Bh6 Nb3 32. Ke3 Rxe2+ 33. Kxe2 a1=Q 34. Rxa1 Nxa1 35. Bg7 Rg8 36. Bxc3 Nb3 37. g4 Kd7 38. g5 Ra8 39. Kf2 Ra4 0-1

[Event "26th Hit Open-A 2022"]
[Site "Nova Gorica"]
[Date "2022.09.15"]
[Round "1.37"]
[White "Hercog, Nusa"]
[Black "Novak, Simona"]
[Result "1-0"]
[ECO "D52"]
[WhiteElo "2019"]
[BlackElo "1692"]
[Annotator "ChessBase"]
[PlyCount "75"]
[EventDate "2022.09.16"]
[EventType "swiss"]
[EventCountry "SLO"]
[SourceTitle "playchess.com"]
[Source "ChessBase"]
[SourceQuality "1"]
[TimeControl "5400+30"]

1. d4 d5 2. c4 c6 3. Nf3 Nf6 4. Nc3 e6 5. cxd5 exd5 6. Bg5 Nbd7 7. Qc2 Qa5 8. Nd2 Bb4 9. e3 O-O 10. Bd3 h6 11. Bh4 Re8 12. O-O Bxc3 13. bxc3 Qa3 14. Rae1 b6 15. e4 Ba6 16. Bxa6 Qxa6 17. e5 Nh7 18. f4 c5 19. f5 cxd4 20. cxd4 Rac8 21. Qb3 Qb7 22. f6 g5 23. Bf2 Kh8 24. Qh3 Rg8 25. Qxh6 Rg6 26. Qh5 Ndf8 27. Be3 Ne6 28. Rf3 g4 29. Rf5 Qd7 30. Qh4 Qe8 31. Rh5 Qg8 32. Nf1 Rc2 33. Ng3 Rc3 34. Nf5 Rxe3 35. Rxe3 Neg5 36. Ne7 Qe8 37. Nxg6+ fxg6 38. Rxg5 1-0

[Event "26th Hit Open-A 2022"]
[Site "Nova Gorica"]
[Date "2022.09.15"]
[Round "1.38"]
[White "Cokan, Mirko"]
[Black "Teo, Hong Ming"]
[Result "1/2-1/2"]
[ECO "B22"]
[WhiteElo "1683"]
[BlackElo "2013"]
[Annotator "ChessBase"]
[PlyCount "41"]
[EventDate "2022.09.16"]
[EventType "swiss"]
[EventCountry "SLO"]
[SourceTitle "playchess.com"]
[Source "ChessBase"]
[SourceQuality "1"]
[TimeControl "5400+30"]

1. e4 c5 2. c3 Nf6 3. e5 Nd5 4. d4 cxd4 5. cxd4 d6 6. f4 Nc6 7. Nc3 e6 8. Nf3 Be7 9. Be2 O-O 10. O-O Qb6 11. Kh1 f6 12. Bd3 fxe5 13. Nxd5 exd5 14. dxe5 dxe5 15. Nxe5 Nxe5 16. fxe5 Rxf1+ 17. Bxf1 Be6 18. b3 Rd8 19. Bf4 d4 20. Bd3 g6 21. Rc1 1/2-1/2

[Event "26th Hit Open-A 2022"]
[Site "Nova Gorica"]
[Date "2022.09.15"]
[Round "1.39"]
[White "Bajo, Tin"]
[Black "Mocic, Ivano"]
[Result "1-0"]
[ECO "B18"]
[WhiteElo "1999"]
[BlackElo "1672"]
[Annotator "ChessBase"]
[PlyCount "105"]
[EventDate "2022.09.16"]
[EventType "swiss"]
[EventCountry "SLO"]
[SourceTitle "playchess.com"]
[Source "ChessBase"]
[SourceQuality "1"]
[TimeControl "5400+30"]

1. e4 c6 2. d4 d5 3. Nc3 dxe4 4. Nxe4 Bf5 5. Ng3 Bg6 6. Nf3 Nd7 7. Bd3 Bxd3 8. Qxd3 e6 9. Bf4 Ngf6 10. O-O Be7 11. Rfe1 O-O 12. c3 c5 13. Rad1 cxd4 14. Nxd4 Nd5 15. Bc1 N7f6 16. Ne4 Qb6 17. Qg3 Qc7 18. Nxf6+ Bxf6 19. Qg4 Rad8 20. a3 g6 21. Qf3 Bg7 22. h4 h5 23. Rd3 a6 24. Red1 Ne7 25. Bg5 e5 26. Nc2 Rxd3 27. Qxd3 Nf5 28. g3 Qb6 29. b4 e4 30. Qxe4 Nxg3 31. Qf3 Nf5 32. Ne3 Nxe3 33. Bxe3 Qc7 34. Bd4 Rd8 35. Qe4 b5 36. Rd3 Qd7 37. Kf1 Qd5 38. Qxd5 Rxd5 39. Ke2 Bxd4 40. cxd4 Kf8 41. Ke3 Ke7 42. Rc3 Ke6 43. Rc8 Rd7 44. Ke4 f5+ 45. Ke3 Rd6 46. f3 Rd5 47. Rc6+ Rd6 48. Rxd6+ Kxd6 49. Kf4 Kd5 50. Kg5 Kxd4 51. Kxg6 f4 52. Kxh5 Ke3 53. Kg4 1-0

[Event "26th Hit Open-A 2022"]
[Site "Nova Gorica"]
[Date "2022.09.15"]
[Round "1.40"]
[White "Mihelj, Edvard"]
[Black "Kepplinger, Lukas"]
[Result "0-1"]
[ECO "B20"]
[WhiteElo "1657"]
[BlackElo "1994"]
[Annotator "ChessBase"]
[PlyCount "92"]
[EventDate "2022.09.16"]
[EventType "swiss"]
[EventCountry "SLO"]
[SourceTitle "playchess.com"]
[Source "ChessBase"]
[SourceQuality "1"]
[TimeControl "5400+30"]

1. e4 c5 2. Bc4 e6 3. Nc3 a6 4. a3 Nc6 5. d3 Nf6 6. Bg5 Be7 7. Nf3 h6 8. Bd2 d5 9. Ba2 dxe4 10. dxe4 Qc7 11. h3 O-O 12. O-O b5 13. Re1 Rd8 14. Qc1 c4 15. e5 Nd5 16. Nxd5 exd5 17. c3 Bf5 18. Nd4 Bg6 19. Bf4 Nxd4 20. cxd4 Qb6 21. Qd2 Re8 22. Bb1 Bxb1 23. Raxb1 b4 24. Qd1 a5 25. a4 b3 26. Re3 Ra6 27. Rg3 Bf8 28. Be3 Qc6 29. Ra1 Qd7 30. h4 Qf5 31. Rc1 Rg6 32. Rxg6 Qxg6 33. Qd2 Bb4 34. Qe2 c3 35. bxc3 Ba3 36. Rf1 Rb8 37. Qd1 Qc6 38. Qg4 Rb6 39. Bd2 Bf8 40. Rb1 Qxa4 41. Qd1 Qc4 42. e6 fxe6 43. Qh5 Qd3 44. Qd1 a4 45. Qe1 a3 46. Bc1 Qxb1 0-1

[Event "26th Hit Open-A 2022"]
[Site "Nova Gorica"]
[Date "2022.09.15"]
[Round "1.41"]
[White "Charaus, Florian"]
[Black "Vicic, Mark"]
[Result "1-0"]
[ECO "D36"]
[WhiteElo "1993"]
[BlackElo "1641"]
[Annotator "ChessBase"]
[PlyCount "57"]
[EventDate "2022.09.16"]
[EventType "swiss"]
[EventCountry "SLO"]
[SourceTitle "playchess.com"]
[Source "ChessBase"]
[SourceQuality "1"]
[TimeControl "5400+30"]

1. d4 Nf6 2. c4 e6 3. Nc3 d5 4. cxd5 exd5 5. Bg5 c6 6. Qc2 Bd6 7. e3 Nbd7 8. Bd3 b6 9. Nge2 Bb7 10. O-O Qc7 11. Bf4 Rc8 12. Rac1 Bxf4 13. Nxf4 c5 14. dxc5 bxc5 15. Nce2 Qc6 16. Rfd1 d4 17. exd4 g5 18. d5 Qd6 19. Nh3 Ng4 20. Ng3 Ngf6 21. Nxg5 h5 22. Nf5 Qf4 23. Qe2+ Ne5 24. Nh3 Qg4 25. Qxe5+ Kf8 26. Qxf6 Rh7 27. Ng5 Bxd5 28. Nxh7+ Kg8 29. Nh6# 1-0

[Event "26th Hit Open-A 2022"]
[Site "Nova Gorica"]
[Date "2022.09.15"]
[Round "1.42"]
[White "Savoia, Serge"]
[Black "Vah, Denis"]
[Result "0-1"]
[ECO "C00"]
[WhiteElo "1636"]
[BlackElo "1988"]
[Annotator "ChessBase"]
[PlyCount "74"]
[EventDate "2022.09.16"]
[EventType "swiss"]
[EventCountry "SLO"]
[SourceTitle "playchess.com"]
[Source "ChessBase"]
[SourceQuality "1"]
[TimeControl "5400+30"]

1. e4 e6 2. d3 d5 3. c3 Nf6 4. f3 c5 5. g3 Nc6 6. h4 Bd6 7. Ne2 Qc7 8. Rg1 Bd7 9. a4 O-O-O 10. Na3 a6 11. Bg5 Ne5 12. Bg2 dxe4 13. dxe4 Bc6 14. Qc2 Nd3+ 15. Kf1 Bxg3 16. Nd4 cxd4 17. Qxd3 dxc3 18. Qxc3 Be5 19. Qc2 Rd4 20. Nc4 Bxe4 21. Nb6+ Kb8 22. Qxc7+ Bxc7 23. fxe4 Bxb6 24. a5 Bc7 25. Be3 Rb4 26. Ra2 Nxe4 27. Bb6 Bh2 28. Bxe4 Bxg1 29. Kxg1 Rxe4 30. h5 Rh4 31. b4 Rxh5 32. Rd2 Rd5 33. Rg2 g5 34. Bf2 Kc7 35. Bg3+ Kd7 36. Rc2 e5 37. Kf2 f5 0-1

[Event "26th Hit Open-A 2022"]
[Site "Nova Gorica"]
[Date "2022.09.15"]
[Round "1.43"]
[White "Cirkvencic, Franci"]
[Black "Zlatanovic, Marcus"]
[Result "1-0"]
[ECO "D02"]
[WhiteElo "1987"]
[BlackElo "1636"]
[Annotator "ChessBase"]
[PlyCount "115"]
[EventDate "2022.09.16"]
[EventType "swiss"]
[EventCountry "SLO"]
[SourceTitle "playchess.com"]
[Source "ChessBase"]
[SourceQuality "1"]
[TimeControl "5400+30"]

1. d4 Nf6 2. Nf3 g6 3. g3 c6 4. Bg2 Bg7 5. O-O O-O 6. b3 d5 7. Bb2 Bf5 8. Nbd2 Qc8 9. Re1 Bh3 10. Bh1 h6 11. c4 b6 12. Rc1 Qa6 13. a4 Nbd7 14. Ne5 Rac8 15. cxd5 cxd5 16. Nc6 Rfe8 17. b4 Qb7 18. b5 Nb8 19. Nb4 a5 20. Nd3 Nbd7 21. Qb3 Bf5 22. Ne5 e6 23. Ndf3 Be4 24. Nc6 Nb8 25. Nfe5 Bxh1 26. Kxh1 Nfd7 27. Nxd7 Nxd7 28. Rc2 Nb8 29. Rec1 Nxc6 30. Rxc6 Rxc6 31. Rxc6 Rc8 32. Qc2 Rxc6 33. Qxc6 Qb8 34. Bc3 Bf8 35. Bd2 Qd6 36. Qxd6 Bxd6 37. Bxh6 Kh7 38. Bg5 Bc7 39. Bf6 Kh6 40. h4 Kh5 41. Kg2 Kg4 42. f3+ Kh5 43. Kh3 Kh6 44. Kg4 Kh7 45. e4 Kh6 46. e5 Kh7 47. Be7 Kh6 48. f4 Kh7 49. Kg5 Kg7 50. h5 gxh5 51. Kxh5 Kh7 52. Kg5 Kg7 53. g4 Kh7 54. Kf6 Kg8 55. g5 Bb8 56. Bd6 Ba7 57. g6 fxg6 58. Kxg6 1-0